 Dungeon Crawl Stone Soup version 0.21.1-1-g345015f (webtiles) character file.

2440 pstr the Digger (level 9, -1/73 HPs)
             Began as a Naga Earth Elementalist on Feb 27, 2018.
             Slain by Pikel
             ... wielding a +2 whip of freezing
              (3 damage)
             ... on level 7 of the Dungeon.
             The game lasted 00:23:08 (7970 turns).

pstr the Digger (Naga Earth Elementalist)           Turns: 7970, Time: 00:23:09

Health: -1/73      AC:  7    Str: 11    XL:     9   Next: 49%
Magic:  1/20       EV: 10    Int: 19    God:
Gold:   270        SH:  0    Dex: 11    Spells: 11/22 levels left

rFire    . . .     SeeInvis +   x - +0 rapier (protect)
rCold    . . .     Gourm    .   (no shield)
rNeg     . . .     Faith    .   g - +0 leather armour
rPois    +         Spirit   .   f - +0 helmet
rElec    .         Reflect  .   y - +1 cloak
rCorr    .         Harm     .   (no gloves)
MR       +....                  (no barding)
Stlth    ++........             (no amulet)
HPRegen  0.22/turn              j - ring of see invisible
MPRegen  0.17/turn              (no ring)

@: short of breath, very slow
A: large, see invisible, deformed body, poison resistance, slowness 2, slow
metabolism 1, spit poison 1, AC +3
a: Spit Poison


You were on level 7 of the Dungeon.
You were not hungry.

You visited 1 branch of the dungeon, and saw 7 of its levels.

You collected 270 gold pieces.

Inventory:

Hand Weapons
 k - a +0 dagger of flaming
 x - a +0 rapier of protection (weapon)
 D - a +0 rapier of protection
Missiles
 b - 51 stones (quivered)
 m - 52 arrows
Armour
 c - a +0 robe
 f - a +0 helmet (worn)
 g - a +0 leather armour (worn)
 y - a +1 cloak (worn)
Magical Staves
 p - an uncursed staff of air
Jewellery
 j - a ring of see invisible (left hand)
Wands
 B - a wand of flame (26)
 C - a wand of disintegration (15)
Scrolls
 a - 9 scrolls of teleportation
 h - 3 scrolls of magic mapping {unknown}
 i - 10 scrolls of identify {unknown}
 l - 3 scrolls of remove curse {unknown}
 n - 2 scrolls of amnesia {unknown}
 s - 2 scrolls of fear {unknown}
 t - a scroll of fog {unknown}
 z - a scroll of blinking {unknown}
Potions
 o - 2 potions of agility
 q - a potion of flight
 r - a potion of ambrosia {unknown}
 u - a potion of haste
 A - a potion of might {unknown}
Books
 e - a book of Geomancy

   Spells                             Type                      Level
   a - Sandblast                      Earth                        1
   b - Passwall                       Transmutation/Earth          2
   c - Stone Arrow                    Conjuration/Earth            3
   d - Petrify                        Transmutation/Earth          4
   e - Lee's Rapid Deconstruction     Earth                        5
 v - a book of Changes

   Spells                             Type                      Level
   a - Beastly Appendage              Transmutation                1
   b - Sticks to Snakes               Transmutation                2
   c - Spider Form                    Transmutation/Poison         3
   d - Ice Form                       Ice/Transmutation            4
   e - Blade Hands                    Transmutation                5
Comestibles
 d - 5 rations


   Skills:
 + Level 1.9 Fighting
 + Level 1.9 Short Blades
 + Level 1.8 Armour
 + Level 2.9 Dodging
 + Level 4.2 Stealth
 + Level 7.4 Spellcasting
 + Level 3.0 Conjurations
 + Level 1.0 Transmutations
 + Level 7.9 Earth Magic


You had 11 spell levels left.
You knew the following spells:

 Your Spells              Type           Power        Failure   Level  Hunger
a - Sandblast             Erth           #####.       1%          1    None
b - Stone Arrow           Conj/Erth      ####..       4%          3    #......
c - Sticks to Snakes      Tmut           ##......     13%         2    None
d - Lee's Rapid Deconstr  Erth           #####.....   13%         5    #####..


Dungeon Overview and Level Annotations

Branches:
Dungeon (7/15)
 Temple: D:4-7

Altars:
Fedhas
Gozag
Makhleb
Ru
Trog

Annotations:
D:7 Pikel


Innate Abilities, Weirdness & Mutations

You cannot wear boots.
Your serpentine skin is tough. (AC +3)
You have supernaturally acute eyesight. (SInv)
Armour fits poorly on your strangely shaped body.
Your system is resistant to poisons. (rPois)
You cover ground very slowly.
You have a slow metabolism.
You can spit poison.


Message History

Pikel closely misses you. Pikel hits you but does no damage.
You closely miss Pikel.
Pikel is almost dead.
Pikel hits you with a whip of freezing.
* * * LOW HITPOINT WARNING * * *
Pikel freezes you.
* * * LOW HITPOINT WARNING * * *
You closely miss Pikel.
Pikel is almost dead.
Pikel hits you with a whip of freezing.
* * * LOW HITPOINT WARNING * * *
Pikel freezes you.
* * * LOW HITPOINT WARNING * * *
Press: ? - help, Shift-Dir - straight line, f/p - Pikel
Aim: Pikel, wielding a whip of freezing and wearing a robe (almost dead)
The splash of poison misses Pikel.
You feel slightly more hungry. Pikel hits you with a whip of freezing.
* * * LOW HITPOINT WARNING * * *
Pikel freezes you.
You die...

.).#.##..##.....## .#...
.........#.......#......
#.##.....#.......#.....#
#.###........_..p......#
..# ....#......p#.....#
### ....#.......#.....#
###. .##.##.....## ....+
....# #.####p####.....#
..### #.....ppK@......#
..... ....#..######....#
..### ## #.. #.# ..# ##.
..# ## ###


You could see Pikel and 3 slaves.

Vanquished Creatures
  Sigmund (D:3)
  Eustachio (D:5)
  An orc warrior (D:6)
  3 sky beasts
  2 ogres
  2 bullfrogs (D:6)
  4 scorpions
  The ghost of grindst0ne the Gusty, a weakling DgAE (D:3)
  2 howler monkeys
  2 bullfrog zombies
  6 crimson imps
  A centaur skeleton (D:7)
  A hound (D:6)
  A jelly (D:4)
  2 orc priests
  A gnoll shaman (D:7)
  3 iguanas
  2 worker ants
  5 orc wizards
  2 hound zombies
  A howler monkey zombie (D:6)
  A worker ant zombie (D:5)
  Robin (D:4)
  9 gnolls
  13 adders
  A howler monkey skeleton (D:6)
  A shadow imp (D:5)
  3 oozes
  An adder zombie (D:6)
  6 worms
  2 dart slugs
  3 leopard geckos
  22 orcs
  4 ball pythons (D:1)
  6 giant cockroaches
  19 goblins
  8 hobgoblins
  5 jackals
  6 kobolds
  6 quokkas
  4 bats
  6 frilled lizards
  A leopard gecko skeleton (D:4)
  A quokka skeleton (D:4)
  9 rats
182 creatures vanquished.

Notes
Turn   | Place    | Note
-------+----------+-------------------------------------------
     0 | D:1      | pstr the Naga Earth Elementalist began the quest for the Orb.
     0 | D:1      | Reached XP level 1. HP: 15/15 MP: 3/3
   108 | D:1      | Reached XP level 2. HP: 11/22 MP: 0/5
   435 | D:1      | Reached XP level 3. HP: 26/28 MP: 1/6
  1024 | D:2      | Reached XP level 4. HP: 35/36 MP: 0/7
  1734 | D:2      | Learned a level 3 spell: Stone Arrow
  1978 | D:3      | Noticed Sigmund
  1999 | D:3      | Killed Sigmund
  1999 | D:3      | Reached skill level 5 in Earth Magic
  1999 | D:3      | Reached XP level 5. HP: 20/42 MP: 6/11
  1999 | D:3      | Reached XP level 6. HP: 24/49 MP: 6/12
  2292 | D:3      | Noticed grindst0ne's ghost (weakling DgAE)
  2305 | D:3      | Killed grindst0ne's ghost
  3366 | D:4      | Reached XP level 7. HP: 42/55 MP: 9/13
  3481 | D:4      | Reached skill level 5 in Spellcasting
  3580 | D:4      | Noticed Robin
  3626 | D:4      | Killed Robin
  3878 | D:4      | Found a sacrificial altar of Ru.
  4611 | D:4      | Reached skill level 1 in Conjurations
  4613 | D:4      | Noticed Eustachio
  4670 | D:5      | Entered Level 5 of the Dungeon
  4757 | D:4      | Reached XP level 8. HP: 58/63 MP: 10/16
  5072 | D:4      | Learned a level 2 spell: Sticks to Snakes
  5078 | D:4      | Learned a level 5 spell: Lee's Rapid Deconstruction
  5125 | D:5      | Killed Eustachio
  5125 | D:5      | Reached skill level 1 in Fighting
  5347 | D:5      | Found a blossoming altar of Fedhas.
  6063 | D:5      | Reached skill level 1 in Armour
  6324 | D:6      | Found an opulent altar of Gozag.
  6357 | D:6      | Reached skill level 1 in Short Blades
  6490 | D:6      | Reached XP level 9. HP: 55/73 MP: 4/18
  6875 | D:6      | Found a glowing drain.
  6996 | D:6      | Found a burning altar of Makhleb.
  6996 | D:6      | Noticed a green death
  7017 | D:6      | Noticed a smoke demon
  7017 | D:6      | Noticed a smoke demon
  7935 | D:7      | Found a bloodstained altar of Trog.
  7941 | D:7      | Noticed Pikel
  7970 | D:7      | HP: 2/73 [Pikel/whip of freezing (6)]
  7970 | D:7      | Slain by Pikel

Skill      XL: |  1  2  3  4  5  6  7  8  9 |
---------------+----------------------------+-----
Earth Magic    | 4 5 6 7 |  7.9
Spellcasting   | 4 5 6 7 |  7.4
Dodging        | 2 |  2.9
Conjurations   | 1 2 3 |  3.0
Fighting       | 1 |  1.9
Armour         | 1 |  1.8
Short Blades   | 1 |  1.9
Stealth        | 4 |  4.2
Transmutations | |  1.0

Action                   |  1- 3 |  4- 6 |  7- 9 || total
-------------------------+-------+-------+-------++-------
Melee: Unarmed           |     2 |       |       ||     2
       Dagger            |       |     6 |     9 ||    15
       Staff             |       |       |     7 ||     7
       Rapier            |       |       |    55 ||    55
Throw: Stone             |       |     1 |       ||     1
 Cast: Sandblast         |    43 |    91 |   110 ||   244
       Stone Arrow       |       |       |    97 ||    97
       Lee's Rapid Decon |       |       |     3 ||     3
 Abil: Spit Poison       |     5 |     4 |    21 ||    30
  Use: Potion            |       |     4 |     9 ||    13
       Scroll            |       |       |     1 ||     1
  Eat: Chunk             |       |     7 |    14 ||    21
       Ration            |       |       |     1 ||     1
Armor: Robe              |     1 |    13 |    30 ||    44
       Leather armour    |       |       |    70 ||    70
Dodge: Dodged            |    17 |    28 |   121 ||   166
